[Event "15th Chennai GM Open 2025"]
[Site "Chennai"]
[Date "2025.01.03"]
[Round "3.1"]
[White "Slizhevsky, Alexander"]
[Black "Aronyak Ghosh"]
[Result "0-1"]
[ECO "B04"]
[WhiteElo "2340"]
[BlackElo "2544"]
[Annotator "TA"]
[PlyCount "68"]
[EventDate "2025.01.02"]
[EventType "swiss"]
[EventCountry "IND"]
[SourceTitle "playchess.com"]
[Source "ChessBase"]
[SourceQuality "1"]
[TimeControl "5400+30"]

1. e4 Nf6 2. e5 Nd5 3. d4 d6 4. Nf3 dxe5 5. Nxe5 g6 6. Bc4 c6 7. Nd2 Bg7 8. Ndf3 Nd7 9. O-O Nxe5 10. Nxe5 O-O 11. Re1 Be6 12. Qe2 (12. Bb3 $14 {is more appropriate.}) 12... Qd6 $11 13. Bb3 a5 14. a4 Rfd8 15. Bd2 Nc7 16. Bxe6 Nxe6 17. c3 c5 18. Qf3 (18. Nc4 Qa6 19. dxc5 Nxc5 $17) 18... Bxe5 (18... cxd4 $2 19. Qxf7+ (19. Nxf7 Qd7 $18) 19... Kh8 20. Nc4 $18 (20. Nxg6+ hxg6 21. Rxe6 Qd5 $18)) 19. Rxe5 cxd4 20. Rb5 b6 21. h4 Rac8 22. h5 Rc5 (22... Rc4 $142 23. Re1 Rxa4 24. hxg6 hxg6) 23. hxg6 hxg6 24. Rxc5 Qxc5 25. Re1 Qd5 26. Qg4 $2 (26. Qxd5 $17 Rxd5 27. b4) 26... Qb3 27. Qh4 Qxb2 (27... Qxa4 28. Qxe7 dxc3 29. Bxc3 $17) 28. Qxe7 {[%emt 0:04:11] Rxe6 is the strong threat.} Qxd2 29. Rxe6 $19 {[%emt 0:00:24][%mdl 4096] Endgame KQR-KQR. Black is a pawn up.} Rf8 ({Not} 29... dxc3 30. Rxg6+ fxg6 31. Qe6+ Kf8 32. Qf6+ Kg8 33. Qe6+ Kf8 34. Qf6+ Kg8 35. Qe6+ $11) 30. Rd6 $2 {[%emt 0:03:33] [#]} (30. Rxb6 dxc3 (30... Qxc3 31. Rd6 $17) 31. Rc6) 30... Qc1+ $1 ({Weaker is} 30... Qxc3 31. Qe4 $17) 31. Kh2 dxc3 (31... Qf4+ $142 32. Kg1 dxc3) 32. Rc6 $2 (32. Kg3 c2 33. Rc6) 32... Qf4+ 33. Kh3 Kg7 34. g3 Qf5+ 0-1

[Event "15th Chennai GM Open 2025"]
[Site "Chennai"]
[Date "2025.01.03"]
[Round "3.2"]
[White "Siddharth, Jagadeesh"]
[Black "Mohamed Anees M"]
[Result "1-0"]
[ECO "B28"]
[WhiteElo "2515"]
[BlackElo "2334"]
[Annotator "TA"]
[PlyCount "127"]
[EventDate "2025.01.02"]
[EventType "swiss"]
[EventCountry "IND"]
[SourceTitle "playchess.com"]
[Source "ChessBase"]
[SourceQuality "1"]
[TimeControl "5400+30"]

1. e4 c5 2. Nf3 a6 3. c4 Nc6 4. d4 cxd4 5. Nxd4 Nf6 6. Nc3 e5 7. Nf5 d5 8. cxd5 Bxf5 9. exf5 Nd4 10. Bd3 Be7 11. O-O O-O 12. Re1 Nxd5 13. Nxd5 Qxd5 14. Be4 Qd7 15. Qg4 Rad8 16. Bh6 Bf6 17. h4 Rfe8 18. g3 Kh8 19. Be3 g6 20. Bxd4 exd4 21. Qf3 Kg7 22. Bd3 Qd5 23. Qf4 (23. Qxd5 {simplifies} Rxe1+ 24. Rxe1 Rxd5 25. fxg6 hxg6 26. Rc1) 23... Qa5 24. Rec1 Qe5 25. Qg4 Re7 26. Rc2 Qa5 27. Kh2 Rde8 28. Qf3 Qe5 29. Kh3 Rd8 30. Rac1 Qd5 31. Qxd5 Rxd5 32. fxg6 hxg6 33. Rc7 Rde5 34. g4 Rxc7 35. Rxc7 Re7 36. Rc1 Be5 37. Rc5 Bf4 38. g5 Rc7 39. Rd5 Bc1 40. b3 Bb2 41. Kg4 Rc3 42. Be4 (42. Rxd4 $6 Rxb3 43. f4 Bxd4 $11) 42... Rc7 43. Rd6 Bc3 ({Better is} 43... Re7 $14 44. Kf3 Rc7) 44. f4 $16 Re7 45. Kf3 Kf8 46. Rd8+ Re8 47. Rxe8+ Kxe8 48. Bxb7 a5 49. Be4 Be1 {[%emt 0:00:12] [#]} (49... f5 $16 50. gxf6 Kf7) 50. Kg4 $1 $18 Kf8 {[%emt 0:01:06] [#]} 51. f5 $1 gxf5+ 52. Bxf5 Kg7 53. h5 Bd2 54. Bd3 Bb4 55. Kf5 (55. h6+ $6 Kf8 56. Kf5 Ba3 $16) 55... Be7 56. g6 ({Resist} 56. h6+ $6 Kf8 57. Bc4 Ba3 $18) 56... fxg6+ $2 (56... Bb4 57. Ke5 fxg6) 57. hxg6 $18 Bd8 58. Ke5 Bf6+ 59. Kd5 Kf8 60. Kc5 Kg7 61. Kb5 Bd8 62. b4 axb4 63. Kxb4 Kf6 64. Kb5 1-0

[Event "15th Chennai GM Open 2025"]
[Site "Chennai"]
[Date "2025.01.03"]
[Round "3.3"]
[White "Avinash Ramesh"]
[Black "Iniyan, Pa"]
[Result "0-1"]
[ECO "B80"]
[WhiteElo "2331"]
[BlackElo "2508"]
[Annotator "TA"]
[PlyCount "116"]
[EventDate "2025.01.02"]
[EventType "swiss"]
[EventCountry "IND"]
[SourceTitle "playchess.com"]
[Source "ChessBase"]
[SourceQuality "1"]
[TimeControl "5400+30"]

1. e4 c5 2. Nf3 d6 3. d4 cxd4 4. Nxd4 Nf6 5. Nc3 a6 6. Be3 e6 7. a3 b5 8. g4 Bb7 9. Bg2 Nfd7 10. g5 Nb6 11. h4 N8d7 12. f4 Rc8 13. O-O e5 (13... Nc4 $15 14. Bc1 e5) 14. fxe5 $1 $14 (14. Nf5 g6 $15) 14... Nxe5 15. Nd5 Nxd5 16. exd5 h6 17. Nf3 (17. a4 $14 bxa4 18. c4) 17... hxg5 $11 18. Nxe5 dxe5 19. Qf3 (19. Bxg5 $2 Bc5+ 20. Rf2 Qb6 $19 (20... Bxf2+ $2 21. Kxf2 f6 22. Be3 $19)) 19... Qf6 20. Qxf6 gxf6 21. hxg5 fxg5 22. Rf6 (22. Rf5 $1 $15) 22... Rh6 $17 23. Bxg5 (23. Rxh6 $17 {might work better.} Bxh6 24. Rf1) 23... Rxf6 (23... Bc5+ $1 $19 24. Kf1 Rh5) 24. Bxf6 $15 Rxc2 25. Bxe5 Bc5+ 26. Kh1 Rd2 27. Bc3 Rd3 28. Re1+ Kf8 $1 29. Be4 Bxd5 30. Bxd5 Rxd5 31. Kg2 Rd3 32. Rh1 Bd4 ({Not} 32... Bxa3 33. Bf6 Ke8 (33... Rd2+ 34. Kf3 $16) 34. Rh8+ Bf8 35. Bg7 $16) 33. Bxd4 Rxd4 34. Kf3 Rd2 (34... Kg7 $17 35. Rh2 Rd6) 35. Rb1 (35. Rh8+ $11 {was the only way to keep the balance.} Kg7 36. Ra8) 35... Rd3+ ({Black should play} 35... Rc2 $17 36. Ke4 Ke7) 36. Ke2 $2 (36. Ke4 $15 Rd2 37. Ke3) 36... Rg3 $1 $19 37. Kd2 {[%emt 0:00:19] [#]} a5 $1 38. a4 $2 (38. b4 a4 (38... Rxa3 39. bxa5 Rxa5 40. Kc3 $17) 39. Rc1) 38... bxa4 $19 39. Ra1 (39. Kc2 $142 Rg2+ 40. Kc3) 39... a3 $19 40. bxa3 a4 41. Ke2 Rb3 (41... Ke7 $142 42. Re1 Rxa3 43. Kd2+ Kf6 44. Rf1+ Ke7 45. Re1+) 42. Kf2 Kg7 43. Ra2 f5 44. Kg2 Kf6 45. Kf2 f4 46. Kg2 Ke5 47. Kf2 Kd4 48. Ra1 Rd3 49. Rb1 Rxa3 50. Rb4+ Ke5 51. Rb5+ Ke4 52. Rb4+ {[%emt 0:00:15] [#]} Kf5 $1 53. Rb8 Rc3 54. Ra8 a3 55. Ra7 Ke4 56. Ra4+ Kd3 57. Rxf4 Kc2 58. Ra4 Kb2 0-1

[Event "15th Chennai GM Open 2025"]
[Site "Chennai"]
[Date "2025.01.03"]
[Round "3.4"]
[White "Das, Sayantan"]
[Black "Patil Priyanshu"]
[Result "1-0"]
[ECO "E60"]
[WhiteElo "2434"]
[BlackElo "2298"]
[Annotator "TA"]
[PlyCount "133"]
[EventDate "2025.01.02"]
[EventType "swiss"]
[EventCountry "IND"]
[SourceTitle "playchess.com"]
[Source "ChessBase"]
[SourceQuality "1"]
[TimeControl "5400+30"]

1. Nf3 d5 2. b3 c5 3. e3 Nf6 4. Bb2 g6 5. c4 dxc4 6. Bxc4 Bg7 7. O-O O-O 8. d4 cxd4 9. Nxd4 a6 10. Be2 Bd7 11. Nd2 Nc6 12. Bf3 Rc8 13. Rc1 Nb4 ({Better is} 13... Nxd4 $11 14. Bxd4 Bg4) 14. Nc4 $14 b5 15. Ne5 Rxc1 16. Qxc1 Nfd5 17. Nxd7 Qxd7 18. Rd1 (18. Qb1 $14 {feels stronger.}) 18... e5 (18... Nxa2 $11 {keeps the balance.} 19. Qa1 Ndb4 (19... Nab4 20. Ne2 $16)) 19. Nc2 $16 Qc6 $2 (19... Rc8 20. Nxb4 Rxc1 21. Bxc1) (19... Qe6 $16 {was worth a try.}) 20. a3 (20. Ba3 $18 Nxa2 21. Bxd5 Qxd5 22. Qb1 (22. Rxd5 Nxc1 23. Bxc1 Rc8 $18) (22. Bxf8 Qxb3 23. Qb1 Qxb1 $18)) 20... Qxc2 21. Qxc2 (21. Bxd5 $6 Qxc1 22. Bxc1 Nxd5 23. Rxd5 Rc8 $11) 21... Nxc2 22. Bxd5 {[%emt 0:00:30] This pair of bishops is nice.} e4 23. Bxg7 ({Resist} 23. Bxe4 Bxb2 24. Bxc2 Bxa3 $11) 23... Kxg7 24. Bxe4 Nxa3 {[%emt 0:00:03][%mdl 4096] Endgame KRB-KRN} 25. Rd7 a5 26. Ra7 {[%emt 0:01:35] White is more active.} (26. g4 $142) 26... a4 27. bxa4 bxa4 28. Rxa4 Nb5 29. Rb4 Nd6 30. Bd5 Rc8 31. g4 Rc7 32. Kg2 h6 33. h3 Re7 34. Kf1 Rc7 35. Rb8 Rc1+ 36. Kg2 Rc7 37. Rd8 Nc4 38. Kg3 Nb6 39. Bg2 Nc4 40. h4 Ne5 41. Re8 Nd7 42. g5 hxg5 43. hxg5 Nc5 44. Bd5 Nb7 (44... Na4 $16) 45. e4 $18 Rd7 46. f3 Nd6 47. Rb8 Re7 48. Kg4 Ne8 49. Bc6 Nd6 50. Kf4 Nc4 51. Rd8 Ne5 52. Bb5 (52. Bd5 $16) 52... Re6 (52... f6 $1 $14) 53. Kg3 Rb6 54. Rd5 Nc6 {[%emt 0:00:01] [#]} 55. Bc4 $1 Rb7 56. Rc5 Nd4 57. f4 Ra7 {[%emt 0:01:11] [#]} 58. Kg4 (58. Bd5 $1 $18) 58... Re7 (58... Nc2 $16) 59. Bd5 Ne6 60. Rc6 {[%emt 0:00:53] and f5 should not be overlooked} Nc7 61. f5 gxf5+ 62. exf5 {[%emt 0:00:19][%cal Be4f5,Bf5f6,Bf6g7][%mdl 32] White threatens f6+ and mate.} ({Not} 62. Kxf5 Nb5 $14) 62... Rd7 $2 (62... Nxd5 $18 63. f6+ Kf8) 63. f6+ Kg8 64. Bc4 (64. Bb3 $142 Kf8 65. Kh5 Ne8 66. Rc8 Rc7 67. Rb8 Ra7 68. Bc4 Ra3 69. Bb5 Rh3+ 70. Kg4) 64... Kh7 65. Kh5 Ne8 {[%emt 0:00:41] [#]} 66. Bxf7 $1 Ng7+ (66... Nxf6+ 67. Rxf6) 67. fxg7 1-0

[Event "15th Chennai GM Open 2025"]
[Site "Chennai"]
[Date "2025.01.03"]
[Round "3.6"]
[White "Vaz, Ethan"]
[Black "Ratnakaran, K.."]
[Result "1-0"]
[ECO "C04"]
[WhiteElo "2412"]
[BlackElo "2225"]
[Annotator "TA"]
[PlyCount "73"]
[EventDate "2025.01.02"]
[EventType "swiss"]
[EventCountry "IND"]
[SourceTitle "playchess.com"]
[Source "ChessBase"]
[SourceQuality "1"]
[TimeControl "5400+30"]

1. e4 e6 2. d4 d5 3. Nd2 Nc6 4. Ngf3 Nf6 5. e5 Nd7 6. Nb3 a5 7. a4 f6 8. Bb5 Nb6 ({Black should try} 8... fxe5 $14 9. dxe5 Be7) 9. O-O $16 Bd7 10. exf6 Qxf6 11. Bg5 Qf5 12. Qe2 {[%emt 0:15:43] Dodges Nc4} ({White should try} 12. Bh4 $18) 12... Bd6 13. Nc5 Bxc5 (13... Bc8 $16) 14. dxc5 $18 Nc8 15. Bh4 N8a7 16. Bg3 O-O-O 17. c3 g5 $2 (17... e5 18. Nxe5 (18. Bxe5 Rhe8 $11) 18... Nxe5) 18. Bd3 Qf6 19. Be5 $2 (19. b4 $18 {is the precise move to win.}) 19... Nxe5 $16 20. Qxe5 Qxe5 21. Nxe5 Rdf8 {[%emt 0:00:09] Repels Nf7} 22. Rfe1 Rf4 23. g3 Rf6 24. Bb5 {[%emt 0:06:17] White is much more active.} c6 $2 (24... Nc6 $16 {was necessary.}) 25. Bd3 $18 Rhf8 26. Re2 h5 (26... Kc7 $142 27. Bxh7 Nc8) 27. b4 axb4 28. cxb4 Be8 29. Rb2 Kb8 30. b5 cxb5 31. axb5 b6 32. cxb6 Nc8 33. Nc6+ Kb7 34. Nd8+ Kb8 35. b7 Nb6 36. Rba2 Kc7 37. Rc1+ 1-0

[Event "15th Chennai GM Open 2025"]
[Site "Chennai"]
[Date "2025.01.03"]
[Round "3.7"]
[White "Kaustuv, Kundu"]
[Black "Buscara, Sevan"]
[Result "1-0"]
[ECO "A11"]
[WhiteElo "2409"]
[BlackElo "2185"]
[Annotator "TA"]
[PlyCount "99"]
[EventDate "2025.01.02"]
[EventType "swiss"]
[EventCountry "IND"]
[SourceTitle "playchess.com"]
[Source "ChessBase"]
[SourceQuality "1"]
[TimeControl "5400+30"]

1. Nf3 d5 2. g3 Bg4 3. Bg2 c6 4. c4 Nd7 5. cxd5 cxd5 6. Nc3 e6 7. O-O Ngf6 8. Qb3 Bxf3 9. Bxf3 Qb6 {[%emt 0:05:19] [#]} 10. d4 $1 Rc8 (10... Qxb3 11. axb3) 11. e4 $1 dxe4 12. Nxe4 Nd5 ({Black should play} 12... Be7 $14) 13. Nc3 $16 Nxc3 14. bxc3 Qxb3 15. axb3 Rxc3 16. Bxb7 Bd6 17. Rxa7 (17. Bd2 $1 $16 Rc2 18. Rfc1 Rxc1+ 19. Bxc1) 17... Bb8 (17... O-O $1 $14) 18. Ra3 O-O (18... Ke7 $142) 19. b4 Rc4 20. b5 $1 $36 {[%emt 0:00:39][%mdl 2048] Keeping Black busy.} Rxd4 (20... Bc7 $16 21. d5 Rb8) 21. Be3 $18 Rc4 22. Rb1 Nc5 23. Bf3 f5 24. b6 Kf7 25. b7 Kf6 26. Ra8 g5 (26... Nd7 {might work better.} 27. Rd1 Nc5) 27. Be2 {[%emt 0:02:06] A strong pair of Bishops.} Rc2 28. Bd1 Rc4 {[%emt 0:00:46] [#]} 29. Rb4 Rxb4 30. Bxc5 Rxb7 31. Bxf8 Rb1 32. Kg2 $1 Bxg3 33. hxg3 Rxd1 {[%emt 0:00:05][%mdl 4096] Endgame [#] KRB-KR} 34. Ra7 $1 h5 35. Bg7+ Kg6 36. Be5 Re1 37. f4 h4 $2 (37... gxf4 38. gxf4 h4 39. Rg7+ Kh5) 38. Rg7+ Kh6 39. fxg5+ Kh5 40. Bf6 hxg3 41. Kxg3 e5 42. Rg8 {[%emt 0:03:44] Strongly threatening Kf2.} f4+ (42... Rg1+ $18 43. Kf2 Rg4 44. Rh8+ (44. Bxe5 Rxg5 45. Rh8+ Kg6 $18) 44... Kg6) 43. Kf2 Rc1 44. Bxe5 Kg4 45. g6 Rc2+ 46. Ke1 f3 47. g7 f2+ 48. Kf1 Kf3 49. Rf8+ Ke3 {[%emt 0:00:01] [#]} 50. Bd4+ $1 1-0

[Event "15th Chennai GM Open 2025"]
[Site "Chennai"]
[Date "2025.01.03"]
[Round "3.8"]
[White "Dinesh Rajan M"]
[Black "Sathvik Adiga"]
[Result "0-1"]
[ECO "C54"]
[WhiteElo "2189"]
[BlackElo "2395"]
[Annotator "TA"]
[PlyCount "223"]
[EventDate "2025.01.02"]
[EventType "swiss"]
[EventCountry "IND"]
[SourceTitle "playchess.com"]
[Source "ChessBase"]
[SourceQuality "1"]
[TimeControl "5400+30"]

1. e4 e5 2. Nf3 Nc6 3. Bc4 Bc5 4. c3 Nf6 5. d4 exd4 6. b4 {[%emt 0:00:24] C54: Giuoco Piano: 4 c3 Nf6, main lines with 5 d4 and 5 d3.} Be7 7. e5 Ne4 8. b5 Na5 9. Bd3 Nxc3 10. Nxc3 dxc3 11. Qa4 c5 12. O-O a6 13. bxa6 c4 14. Bxc4 Nxc4 15. Qxc4 Rxa6 $146 ({Predecessor:} 15... O-O 16. axb7 Bxb7 17. Qxc3 Ra6 18. a4 {½-½ Wadle,M (2142)-Detchin,Y Champion's League 2021/C7 email}) 16. Qxc3 O-O 17. Rd1 d6 18. Ba3 Bg4 19. h3 Bh5 20. Rab1 d5 21. Bxe7 Qxe7 22. Rxd5 Rxa2 23. Rdb5 Ra3 24. R1b3 Rxb3 25. Qxb3 Bxf3 26. Qxf3 Rb8 27. Qd5 h6 28. Rb6 Qc7 29. Rd6 b5 30. Rd7 Qc1+ 31. Kh2 Qf4+ 32. Kg1 b4 33. e6 fxe6 34. Qxe6+ Kh8 35. Rd3 Qc1+ 36. Kh2 Qc7+ 37. Kg1 Rd8 38. Rg3 Rb8 39. Rb3 Qc2 40. Qf7 Qd1+ 41. Kh2 Qd6+ 42. Kg1 Rc8 43. g3 Rb8 44. Qc4 Qb6 45. Qe4 Qc5 46. Kg2 Rf8 47. Rb2 Qb6 48. Qe7 Rb8 49. Rb3 Qc6+ 50. Kh2 Qc2 51. Qf7 Qc5 52. Rf3 Rd8 53. Qb3 Rf8 54. Rxf8+ Qxf8 55. Kg1 Qe7 56. Kf1 Qe4 57. h4 Kh7 58. f3 Qd4 59. Ke2 Qe5+ 60. Kf2 Qd6 61. Ke2 Kh8 62. Ke3 Qe5+ 63. Kd3 Qxg3 64. Qxb4 Qxf3+ 65. Kd2 Kh7 66. Qb1+ Kg8 67. Qa2+ Kf8 68. Qc4 Qf2+ 69. Kd1 Qe3 70. Qg4 Kf7 71. Qf5+ Ke7 72. Qg6 $1 Qe5 73. Kc2 Qd4 74. Kb1 Qf6 75. Qe4+ (75. Qg4 $1 $15) 75... Qe6 $19 76. Qf4 Qd6 (76... Qg6+ $19 77. Kc1 Qc6+ 78. Kb1 Ke8) 77. Qg4 ({White must play} 77. Qe4+ $1 $15 Kf7 (77... Qe6 78. Qf4 $17) 78. Qf5+ Ke7 79. Qe4+ Qe6 80. Qf4) 77... Kf7 (77... Qd3+ $1 $19 78. Kc1 g6) 78. Qf5+ $1 $15 Qf6 79. Qd7+ Kg8 80. Qg4 (80. Qe8+ $15 Qf8 81. Qe4) 80... g6 ({Black should play} 80... Qc6 $17 81. h5 Kf7) 81. Kc1 $15 Qd6 82. Qe4 Kf7 83. Qf3+ Kg7 84. Qe4 g5 85. hxg5 hxg5 86. Qf5 Kh6 87. Qh3+ Kg6 88. Qg4 $2 (88. Kc2 $11 {and White has nothing to worry.}) 88... Qd3 $19 89. Qe6+ Kh5 90. Qe8+ Kh4 91. Qe1+ Kg4 92. Qg1+ Kf5 93. Qf2+ Kg6 94. Qg2 {[%emt 0:00:51] [#]} Qd4 $2 (94... Qe3+ $1 $19 95. Kc2 Kf5 96. Qf1+ Ke5) 95. Qc6+ $2 (95. Qc2+ $11 Kh5 96. Qh2+ Kg4 97. Qg2+ Kf5 98. Qc2+ Qe4 99. Qc5+ Kf4 100. Qf2+ Qf3 101. Qh2+ Qg3 102. Qh6) 95... Kf5 $19 96. Qb5+ {[%emt 0:00:28] [#]} Kg4 $2 (96... Qe5 $1 $19 97. Qd3+ Qe4) 97. Qe8 $2 (97. Qe2+ $11 {and White is okay.} Kg3 98. Qe1+ Qf2 99. Qe6) 97... Kg3 98. Qe1+ Qf2 99. Qc3+ Kg2 100. Qg7 Qf4+ 101. Kb1 $2 (101. Kd1) 101... g4 $19 102. Ka1 $2 (102. Kc2 $19 Kf2 103. Qb2) 102... g3 103. Qb2+ Kg1 104. Qb6+ Qf2 105. Qh6 g2 106. Qg5 Qe1+ 107. Ka2 Kf1 108. Qd5 g1=Q 109. Qb3 Qa7+ 110. Qa3 Qd2+ 111. Kb1 Qb7+ 112. Qb2 0-1

[Event "15th Chennai GM Open 2025"]
[Site "Chennai"]
[Date "2025.01.03"]
[Round "3.9"]
[White "Rajarishi Karthi"]
[Black "Sammed Jaykumar, Shete"]
[Result "0-1"]
[ECO "D55"]
[WhiteElo "2131"]
[BlackElo "2379"]
[Annotator "TA"]
[PlyCount "114"]
[EventDate "2025.01.02"]
[EventType "swiss"]
[EventCountry "IND"]
[SourceTitle "playchess.com"]
[Source "ChessBase"]
[SourceQuality "1"]
[TimeControl "5400+30"]

1. d4 Nf6 2. c4 e6 3. Nc3 d5 4. Bg5 Nbd7 5. e3 Be7 6. Nf3 h6 7. Bh4 O-O 8. Rc1 a6 9. cxd5 exd5 10. Bd3 b6 11. O-O Bb7 12. Qc2 c5 13. dxc5 bxc5 14. Rfd1 d4 15. exd4 Bxf3 16. gxf3 cxd4 17. Ne2 Ne5 18. Bg3 Nxf3+ 19. Kg2 Qd5 {[%emt 0:07:18] ( -> ...Nh4+)} 20. Qc6 {[%emt 0:01:03] And now Qxd5 would win.} Ne1+ {[%emt 0:00:09] A dynamic duo of knights.} 21. Kf1 Nxd3 22. Qxd5 Nxd5 23. Rxd3 Bf6 $1 24. a3 Rfd8 25. Nxd4 Nb6 $1 26. Rcd1 Nc4 27. Nf5 Rxd3 $1 28. Rxd3 Bxb2 (28... Nxb2 29. Rd6) 29. a4 Bf6 30. Rd7 Rd8 31. Rc7 {[%emt 0:01:33] [#]} Nd2+ $1 32. Kg2 Rd5 33. Nd6 Rd4 34. a5 Rd5 35. Nb7 Nb3 36. Rc8+ Kh7 37. Bc7 Bc3 {[%emt 0:11:37][%cal Rb3a5] Black is more active.} 38. Rd8 (38. Bg3 $17 Bxa5 39. Ra8) 38... Rg5+ 39. Kf1 (39. Bg3 $17 {was necessary.}) 39... Nxa5 $19 (39... Bxa5 40. Nxa5 Nxa5 41. Rd6 $11) 40. Nd6 {[%emt 0:01:00][%cal Od6e4] [#]} Rc5 $1 41. Rd7 Be5 42. Rxf7 {[%emt 0:01:50] [#]} Rxc7 $1 43. Rxc7 Bxd6 44. Ra7 Bxh2 45. Rxa6 Nb7 46. Kg2 Be5 47. Kf3 Bf6 48. Kg4 Kg6 49. Rb6 h5+ 50. Kf4 Nc5 51. f3 Nd3+ 52. Ke4 $2 (52. Ke3 Nb2 53. Ke2) 52... Nf2+ 53. Ke3 Nh3 54. Ke4 Kg5 55. Rb5+ Kh4 56. Kf5 Kg3 57. f4 h4 ({And not} 57... Nxf4 58. Rb3+ Kh2 59. Kxf4 $11) 0-1

[Event "15th Chennai GM Open 2025"]
[Site "Chennai"]
[Date "2025.01.03"]
[Round "3.10"]
[White "Midilesh MS"]
[Black "Shahil Dey"]
[Result "0-1"]
[ECO "D56"]
[WhiteElo "2096"]
[BlackElo "2374"]
[Annotator "TA"]
[PlyCount "90"]
[EventDate "2025.01.02"]
[EventType "swiss"]
[EventCountry "IND"]
[SourceTitle "playchess.com"]
[Source "ChessBase"]
[SourceQuality "1"]
[TimeControl "5400+30"]

1. d4 Nf6 2. c4 c6 3. Nc3 d5 4. Nf3 e6 5. Bg5 Be7 6. e3 O-O 7. Bd3 h6 8. Bh4 Nbd7 9. h3 dxc4 10. Bxc4 b5 11. Bd3 Bb7 12. O-O a6 13. Bxf6 Bxf6 14. b4 {[%emt 0:18:46] [#]} c5 $1 15. bxc5 Nxc5 16. Bc2 Rc8 17. Nd2 Nd7 18. Be4 Bxe4 19. Ncxe4 Be7 20. Qb3 Qc7 21. d5 (21. a4 $11) 21... exd5 $17 22. Qxd5 Rfd8 $36 {[%emt 0:01:33][%mdl 2048] Black has strong initiative.} 23. Nf3 $2 {[%emt 0:01:29][%mdl 8192] [#] Dodges Ne5} (23. Rac1 $17 Qxc1 24. Rxc1 Rxc1+ 25. Kh2) 23... Nc5 $1 $19 24. Qf5 {[%emt 0:02:59] [#]} g6 $1 25. Nf6+ Kh8 ({Don't play} 25... Kg7 26. Nh5+ gxh5 27. Qxh5 $19) 26. Qe5 Qxe5 27. Nxe5 Bxf6 28. Nxf7+ Kg7 29. Nxd8 Bxa1 (29... Bxd8 30. Rfd1 $17) 30. Rxa1 Rxd8 {[%emt 0:00:08][%mdl 4096] Endgame KRN-KR} 31. Rc1 Rd5 32. f3 Nd7 33. Rc6 a5 34. Kh2 b4 35. Ra6 Kf7 36. e4 (36. Ra7 $142 Ke6 37. Ra6+ Ke7 38. e4) 36... Rb5 37. f4 Nc5 38. Ra7+ Ke6 {[%emt 0:00:06][%cal Oa5a4] ...a4! is the strong threat.} 39. e5 a4 40. Rg7 b3 41. axb3 axb3 42. Rxg6+ Kf7 43. Rxh6 b2 44. f5 b1=Q ({Not} 44... b1=B 45. e6+ Ke7 46. g4 $17) 45. e6+ {[%emt 0:00:01] [#]} Nxe6 $1 0-1

[Event "15th Chennai GM Open 2025"]
[Site "Chennai"]
[Date "2025.01.03"]
[Round "3.11"]
[White "Venkatesh, M.R."]
[Black "Avirat Chauhan"]
[Result "1-0"]
[ECO "B23"]
[WhiteElo "2362"]
[BlackElo "2010"]
[Annotator "TA"]
[PlyCount "117"]
[EventDate "2025.01.02"]
[EventType "swiss"]
[EventCountry "IND"]
[SourceTitle "playchess.com"]
[Source "ChessBase"]
[SourceQuality "1"]
[TimeControl "5400+30"]

1. e4 c5 2. Nc3 g6 3. d4 cxd4 4. Qxd4 Nf6 5. Be3 Bg7 6. f3 Nc6 7. Qd2 d6 8. O-O-O Be6 9. Nge2 Qa5 10. Kb1 Nd7 11. Bh6 Bxh6 12. Qxh6 Nb6 13. Nf4 Bc4 14. Nfd5 Bxf1 15. Rhxf1 O-O-O 16. Nxb6+ Qxb6 17. Nd5 Qa5 18. Qg7 e6 19. Ne3 Qe5 20. Qh6 Kb8 21. Rfe1 Ka8 22. a3 (22. Nd5 $5) 22... Kb8 23. Ng4 (23. Rd2 d5 24. Ng4 Qc7 25. exd5 exd5 26. Nf2) 23... Qc5 24. Qg7 f5 25. Nf6 (25. exf5 {simplifies} gxf5 26. Nf6 Ka8 27. Qh6) 25... Kc8 $2 (25... Ka8 $14) 26. Qf7 (26. Nxh7 Qe5 27. Qxe5 (27. Qxg6 Rdg8 $17) 27... dxe5 28. Rxd8+ Nxd8 $11) 26... Nd4 $2 (26... e5 27. Qe6+ (27. Nxh7 Rd7 $17) 27... Kc7 28. exf5 gxf5) 27. c3 $18 (27. Nxh7 Qxc2+ 28. Ka2 Qb3+ 29. Kb1 Ne2 $17) 27... Rhf8 28. Qe7 (28. cxd4 Rxf7 29. dxc5 Rxf6 $16) (28. Qxh7 Nc6 $16) 28... Qe5 29. Nd7 (29. cxd4 Qxf6 30. Rc1+ (30. Qxh7 Rf7 $16) 30... Kb8 $16) (29. Nxh7 Nc6 30. f4 (30. Qxf8 Rxf8 31. Nxf8 Qf6 $11) 30... Nxe7 $16) (29. Rxd4 Qxf6 30. Rc4+ (30. Qxh7 Kb8 $16) 30... Kb8 31. Qc7+ (31. Qxh7 Rf7 $16) 31... Ka8 $16) (29. Qxh7 Nc6 30. exf5 Qxf6 31. fxe6 Qf5+ (31... Rh8 $2 32. Qf7 $17) 32. Ka1 Rf6 $19) 29... Nc6 30. Qxf8 (30. Qxh7 $2 {too greedy.} Rxd7 31. Qxg6 f4 $19 (31... Qxh2 $2 32. Qxe6 Kc7 33. exf5 $19)) 30... Rxf8 31. Nxe5 dxe5 32. b4 a6 33. a4 b5 (33... f4 {was necessary.} 34. Rd3 Rf7) 34. axb5 axb5 35. Rd6 Kc7 36. Rd3 (36. Rxe6 Kd7 37. exf5 Rxf5 38. Rxc6 (38. g4 Rxf3 39. R1xe5 Nxe5 $11) 38... Kxc6 $16) 36... Rf7 37. h4 h6 38. Kb2 g5 39. hxg5 hxg5 40. exf5 exf5 41. Rd5 Kb6 42. Rd6 Kc7 43. Rg6 g4 44. fxg4 f4 45. g5 Rh7 46. Kb3 Rh2 47. Rg7+ Kd6 48. Rd1+ Ke6 49. Rg6+ Kf5 50. Rxc6 Rxg2 51. Re1 Rxg5 52. Rc5 Kf6 53. Kc2 f3 54. Kd3 Rf5 55. Ke3 Kg5 56. Rg1+ Kf6 57. Rf1 (57. Rc6+ $142 Kf7 58. Ra1 (58. Rc7+ Kf6 $18) 58... Kg7 59. Ra7+ Rf7 60. Rxf7+ Kxf7 61. Kxf3 Ke7 62. c4 (62. Rc7+ Kf6 $18)) 57... e4 58. Kxe4 Rxc5 59. bxc5 1-0